 Dungeon Crawl Stone Soup version 0.25.0-9-g26727b657a (webtiles) character file.

Game seed: 8816455328896869097

4342 Hastur the Covert (level 10, -1/67 HPs)
             Began as a Vampire Air Elementalist on June 20, 2020.
             Was an Initiate of Gozag.
             Shot with a sling bullet by Joseph (4 damage)
             ... on level 9 of the Dungeon.
             The game lasted 00:49:06 (12098 turns).

Hastur the Covert (Vampire Air Elementalist)       Turns: 12098, Time: 00:49:07

Health: -1/67      AC:  4    Str:  7    XL:     10   Next: 12%
Magic:  1/15       EV: 18    Int: 27    God:    Gozag
Gold:   1096       SH:  0    Dex: 15    Spells: 11/16 levels left

rFire    . . .     SeeInvis +   a - +0 dagger (venom)
rCold    . . .     Gourm    .   (no shield)
rNeg     . . .     Faith    .   C - +0 robe
rPois    .         Spirit   .   y - +0 helmet
rElec    .         Reflect  .   (no cloak)
rCorr    .         Harm     .   (no gloves)
MR       +....                  p - +0 pair of boots
Stlth    ++++++....             (no amulet)
HPRegen  0.41/turn              m - +6 ring of intelligence
MPRegen  0.14/turn              A - +4 ring of evasion

@: regenerating quickly
A: no food, fangs 3, see invisible, unbreathing
a: Exsanguinate, Potion Petition, Call Merchant, Bribe Branch, Renounce Religion


You were on level 9 of the Dungeon.
You worshipped Gozag.
Gozag was most pleased with you.
You were alive.

You visited 2 branches of the dungeon, and saw 10 of its levels.

You collected 1207 gold pieces.
You paid 111 gold pieces to Gozag.

Inventory:

Hand Weapons
 a - a +0 dagger of venom (weapon)
 b - a +4 long sword
 J - a +1 dagger of electrocution
Missiles
 e - 102 stones
 k - 15 poisoned darts (quivered)
 H - 7 curare-tipped darts
Armour
 h - a +0 ring mail
 p - a +0 pair of boots (worn)
 v - the +1 robe of the Thoughtful Princes {rC- rCorr SInv}
   (You found it on level 4 of the Dungeon)

   It makes you vulnerable to cold.
   It lets you see invisible.
   It provides partial protection from all sources of acid and corrosion.
 y - a +0 helmet (worn)
 C - a +0 robe (worn)
Jewellery
 m - a +6 ring of intelligence (left hand)
 A - a +4 ring of evasion (right hand)
 F - an uncursed ring of resist corrosion
 L - an uncursed ring of magical power {unknown}
Wands
 D - a wand of digging (5)
 G - a wand of acid (9)
Scrolls
 j - 3 scrolls of identify
 l - a scroll of immolation {unknown}
 n - 2 scrolls of magic mapping
 o - 2 scrolls of enchant armour {unknown}
 r - a scroll of teleportation
 x - a scroll of remove curse
 z - a scroll of blinking {unknown}
 B - 4 scrolls of random uselessness {unknown}
 E - a scroll of fear {unknown}
 K - a scroll of enchant weapon {unknown}
Potions
 c - a potion of degeneration {unknown}
 d - 3 potions of might
 f - 4 potions of curing
 g - 2 potions of mutation {unknown}
 i - 3 potions of flight {unknown}
 q - 5 potions of stabbing
 s - 2 potions of magic {unknown}
 t - 3 potions of brilliance {unknown}
 u - 4 potions of cancellation {unknown}
 w - 3 potions of heal wounds {unknown}
 I - a potion of ambrosia {unknown}


   Skills:
 - Level 2.0 Fighting
 + Level 4.3 Dodging
 + Level 14.7 Stealth
 + Level 3.6 Spellcasting
 - Level 0.6 Conjurations
 - Level 10.0 Air Magic


You had 11 spell levels left.
You knew the following spells:

 Your Spells              Type           Power        Failure   Level  Hunger
a - Shock                 Conj/Air       ####         1%          1    N/A
b - Airstrike             Air            ######....   1%          4    N/A

Your spell library contained the following spells:

 Spells                   Type           Power        Failure   Level  Hunger
 Swiftness                Chrm/Air       ####....     1%          2    N/A
 Static Discharge         Conj/Air       ####....     2%          3    N/A
 Lightning Bolt           Conj/Air       ####......   26%         5    N/A

Dungeon Overview and Level Annotations

Branches:
Dungeon (9/15)             Temple (1/1) D:6            Lair (0/6) D:8
    Orc: D:9-12

Altars:
Ashenzari
Cheibriados
Dithmenos
Elyvilon
Fedhas
Gozag
Hepliaklqana
Kikubaaqudgha
Makhleb
Nemelex Xobeh
Okawaru
Qazlal
Ru
Sif Muna
Trog
Uskayaw
Vehumet
Wu Jian
Xom
Yredelemnul
Zin
The Shining One

Annotations:
D:4 2 transporters, Krehm's ghost, amateur DsAK
D:5 exclusion: downstairs
D:8 Psyche
D:9 Joseph


Innate Abilities, Weirdness & Mutations

You do not eat.
Your natural rate of healing is unusually fast.
You have razor-sharp teeth.
You have supernaturally acute eyesight. (SInv)
You can survive without breathing.


Message History

You hit the hippogriff.
The hippogriff looks as sick as possible!
The hippogriff is moderately wounded.
Joseph shoots a sling bullet.
The sling bullet hits you! The sling bullet burns you.
The hippogriff closely misses you. The hippogriff pecks you.
* * * LOW HITPOINT WARNING * * *
The hippogriff barely misses you.
Casting: Airstrike (dangerous; 1% risk of failure)
Confirm with . or Enter, or press ? or * to list all spells.
Aiming: Airstrike (dangerous; 1% risk of failure)
Press: ? - help, Dir - move target cursor, f/p - Joseph
Aim: Joseph, wielding a +2 hunting sling of flaming, wearing a +0 leather armour, quivering 19 sling bullets and carrying a wand of acid (10) (severely wounded)
The air twists around and strikes Joseph!
Joseph is almost dead.
Joseph shoots a sling bullet.
The sling bullet hits you!
* * * LOW HITPOINT WARNING * * *
The sling bullet burns you.
You die...
Your body crumbles into a pile of gold.

..........@....(.(..### #..
#.....###########@..#.###.#
###.$. ### ###..)...##.# ###
..# #......#....###
#.####.###..####...# #########
#.##...# #.## #.#..
#.......#####.##.### #.# #.###
#.#####.....#.##.# #.# #.#..
#> ###.....H@.# #.# ###...# ..
##...#.#.########.###......
#.##..###.#.#####....##.......
#....## #.......#....#........
####..######..................
####
##...########..............[
...#
#.........................^.
...#
#...###.###.................
...#
#...###...#.##............<.


You could see Joseph and a hippogriff (extremely poisoned).

Vanquished Creatures
  An unseen horror (D:9)
  Pikel (D:9)
  Sigmund (D:6)
  A wyvern (D:8)
  A soldier ant (D:9)
  Edmund (D:6)
  A water moccasin (D:7)
  Duvessa (D:7)
  3 sky beasts
  3 phantoms (D:7)
  An ogre (D:8)
  A big kobold (D:8)
  Blork the orc (D:4)
  3 bullfrogs
  Dowan (D:7)
  7 wights
  A bullfrog zombie (D:6)
  9 crimson imps
  3 hounds
  An orc priest (D:7)
  2 bullfrog skeletons (D:5)
  2 jellies
  7 orc wizards
  Jessica (D:3)
  Terence (D:2)
  2 iguanas
  6 worker ants
  A killer bee zombie (D:9)
  A hound skeleton (D:5)
  A worker ant zombie (D:5)
  3 gnolls (D:7)
  A howler monkey skeleton (D:8)
  10 adders
  2 shadow imps
  2 white imps (D:8)
  An adder zombie (D:9)
  2 dart slugs (D:1)
  2 worms
  3 leopard geckos
  17 orcs
  A giant cockroach (D:2)
  2 gnoll zombies (D:4)
  15 goblins
  8 hobgoblins
  11 jackals
  A quokka (D:8)
  A ball python (D:2)
  5 bats
  5 frilled lizards
  A jackal zombie (D:6)
  12 kobolds
  A quokka skeleton (D:5)
  8 rats
  2 toadstools (D:1)
182 creatures vanquished.

Vanquished Creatures (others)
  2 slaves (D:9)
  2 toadstools (D:1)
4 creatures vanquished.

Grand Total: 186 creatures vanquished

Notes
Turn   | Place    | Note
-------+----------+-------------------------------------------
     0 | D:1      | Hastur the Vampire Air Elementalist began the quest for the
                  | Orb.
     0 | D:1      | Reached XP level 1. HP: 13/13 MP: 3/3
   461 | D:1      | Reached XP level 2. HP: 20/20 MP: 0/5
   683 | D:1      | Reached skill level 1 in Fighting
  1095 | D:1      | Reached skill level 4 in Stealth
  1233 | D:1      | Reached XP level 3. HP: 26/26 MP: 4/6
  1329 | D:2      | Noticed Terence
  1335 | D:2      | Killed Terence
  1929 | D:2      | Reached XP level 4. HP: 33/33 MP: 3/7
  2548 | D:3      | Reached skill level 5 in Stealth
  2830 | D:3      | Learned a level 4 spell: Airstrike
  3404 | D:3      | Noticed Jessica
  3442 | D:3      | Killed Jessica
  3442 | D:3      | Reached XP level 5. HP: 22/38 MP: 4/8
  3763 | D:4      | Found a transporter.
  3763 | D:4      | Noticed Krehm's ghost (amateur DsAK)
  3766 | D:4      | Noticed Blork the orc
  3833 | D:4      | Found a shimmering altar of Xom.
  3835 | D:4      | Found a glowing golden altar of the Shining One.
  3835 | D:4      | Found a snail-covered altar of Cheibriados.
  3837 | D:4      | Found a glowing silver altar of Zin.
  3837 | D:4      | Found a white marble altar of Elyvilon.
  3837 | D:4      | Found a glowing golden altar of the Shining One.
  3845 | D:4      | Got a thick robe
  3883 | D:4      | Identified the cursed +1 robe of the Thoughtful Princes
                  | {rC- rCorr SInv} (You found it on level 4 of the Dungeon)
  4057 | D:4      | Reached skill level 6 in Stealth
  4165 | D:4      | Reached skill level 5 in Air Magic
  4336 | D:4      | Found a basalt altar of Yredelemnul.
  4411 | D:4      | Found a glowing golden altar of the Shining One.
  4421 | D:4      | Found a transporter.
  4485 | D:5      | Entered Level 5 of the Dungeon
  4621 | D:5      | Reached XP level 6. HP: 44/44 MP: 4/9
  4948 | D:5      | Reached skill level 7 in Stealth
  5649 | D:6      | Noticed an orc warrior
  5707 | D:6      | Noticed Edmund
  5784 | D:6      | Found a staircase to the Ecumenical Temple.
  5841 | Temple   | Entered the Ecumenical Temple
  5940 | Temple   | Became a worshipper of Gozag Ym Sagoz the Greedy
  5979 | D:6      | Reached XP level 7. HP: 43/50 MP: 4/10
  6041 | D:6      | Reached skill level 8 in Stealth
  6108 | D:6      | Found a hazy altar of Hepliaklqana.
  6771 | D:6      | Found a snail-covered altar of Cheibriados.
  6993 | D:6      | Reached skill level 9 in Stealth
  7158 | D:6      | Noticed Sigmund
  7189 | D:6      | Killed Sigmund
  7319 | D:6      | Killed Edmund
  7319 | D:6      | Reached XP level 8. HP: 36/56 MP: 7/11
  7666 | D:6      | Found a sparkling altar of Nemelex Xobeh.
  7667 | D:6      | Found an iron altar of Okawaru.
  7803 | D:7      | Reached skill level 10 in Stealth
  7904 | D:7      | Noticed Dowan
  7916 | D:7      | Noticed Duvessa
  7923 | D:7      | Killed Duvessa
  7927 | D:7      | Killed Dowan
  8026 | D:7      | Reached skill level 11 in Stealth
  8289 | D:7      | Found a white marble altar of Elyvilon.
  9028 | D:7      | Reached skill level 12 in Stealth
  9300 | D:7      | Reached XP level 9. HP: 61/61 MP: 10/12
 10184 | D:8      | Reached skill level 13 in Stealth
 10283 | D:8      | Found a shadowy altar of Dithmenos.
 10297 | D:8      | Noticed Psyche
 10420 | D:8      | Found a staircase to the Lair.
 11357 | D:4      | Killed Blork the orc
 11357 | D:4      | Reached skill level 10 in Air Magic
 11413 | D:9      | Noticed Pikel
 11417 | D:9      | Killed Pikel
 11417 | D:9      | Reached skill level 14 in Stealth
 11749 | D:9      | Noticed an unseen horror
 11767 | D:9      | Killed an unseen horror
 11767 | D:9      | Reached XP level 10. HP: 32/67 MP: 0/15
 12067 | D:9      | Noticed Joseph
 12098 | D:9      | HP: 3/67 [Joseph/sling bullet (12)]
 12098 | D:9      | Shot with a sling bullet by Joseph

Illustrated notes

Levels and vault maps discovered:
D:1:      ldierk_water_garden, layout_basic, minmay_tripent
D:2:      layout_basic, uniq_terence
D:3:      layout_basic, serial_co_window_serial, co_window_paths_b,
          co_window_of_opportunity_a, co_window_paths_a, co_window_paths_b,
          co_window_of_opportunity_a, co_window_paths_a, co_window_corner_a,
          co_window_broadway_c, co_window_broadway_a, co_window_2corner,
          co_window_cross_4, glass_columns_a, glass_columns_a, glass_columns_c,
          first_ration, minmay_bisected, uniq_jessica
D:4:      layout_cave_pools, kennysheep_mini_moat, doesnt_xom_only_xom,
          lemuel_zombie_altar_yredelemnul, gammafunk_ghost_arena,
          uniq_blork_the_orc
D:5:      layout_loops_corners
D:6:      layout_loops_ring, cheibriados_altar_1,
          nicolae_overflow_hidden_temple, temple_fountains, uniq_edmund,
          uniq_sigmund
D:7:      layout_loops_ring, elyvilon_altar_5, uniq_duvessa
D:8:      layout_loops_corners, lemuel_doored_altar, dpeg_oklobed_lair,
          minmay_nine_imps, uniq_psyche
D:9:      layout_rooms, uniq_joseph, uniq_pikel
Temple:   dshaligram_water_room_temple

Skill      XL: |  1  2  3  4  5  6  7  8  9 |
---------------+----------------------------+-----
Fighting       | 1 2 |  2.0
Stealth        | 4 5 6 7 9 12 14 | 14.7
Air Magic      | 4 5 7 8 10 | 10.0
Dodging        | 4 |  4.3
Spellcasting   | 3 |  3.6
Conjurations   | |  0.6

Action                   |  1- 3 |  4- 6 |  7- 9 | 10-12 || total
-------------------------+-------+-------+-------+-------++-------
Melee: Dagger            |    11 |    58 |   116 |     2 ||   187
       Bite              |       |     6 |    11 |       ||    17
       Long sword        |       |       |    26 |       ||    26
Throw: Dart              |       |       |     8 |       ||     8
 Cast: Shock             |    73 |   143 |   194 |     4 ||   414
       Airstrike         |       |       |    23 |     6 ||    29
  Use: Potion            |     1 |       |       |       ||     1
       Scroll            |       |     5 |     2 |       ||     7
 Stab: Sleeping          |     1 |     3 |     7 |       ||    11
Armor: Robe              |     5 |    29 |    37 |     1 ||    72
Dodge: Dodged            |    24 |    61 |   112 |     7 ||   204
       Rpst.: Long sword |       |       |    12 |       ||    12
